 Dungeon Crawl Stone Soup version 0.27.1-1-g398f81649c (webtiles) character file.

Game seed: 1803753675318329560

2331 Borgoz the Basher (level 9, -2/56 HPs)
             Began as a Gargoyle Berserker on Sept 6, 2021.
             Was a Priest of Trog.
             Slain by a wyvern (7 damage)
             ... on level 6 of the Dungeon on Sept 7, 2021.
             The game lasted 00:10:37 (6852 turns).

Borgoz the Basher (Gargoyle Berserker)              Turns: 6852, Time: 00:10:38

Health: -2/56      AC: 14    Str: 21    XL:     9   Next: 42%
Magic:  9/9        EV: 11    Int:  8    God:    Trog [***...]
Gold:   281        SH:  0    Dex: 12    Spells: 8/8 levels left

rFire    + . .     SeeInvis .   a - +4 whip
rCold    + + .     Faith    .   (no shield)
rNeg     + . .     Spirit   .   m - +0 scale mail
rPois    ∞         Reflect  .   (no helmet)
rElec    +         Harm     .   k - scarf {rC+ rF+}
rCorr    .         Rampage  .   (no gloves)
Will     ++...                  (no boots)
Stlth    ..........             (no amulet)
HPRegen  1.18/turn              n - ring of protection from cold
MPRegen  0.11/turn              (no ring)

@: strong-willed, regenerating
A: sickness immunity, AC +6, negative energy resistance 1, electricity
resistance, torment resistance 1, petrification resistance
a: Renounce Religion, Berserk, Trog's Hand


You were on level 6 of the Dungeon.
You worshipped Trog.
Trog was most pleased with you.
You visited 1 branch of the dungeon, and saw 6 of its levels.
You also visited: Sewer.

You collected 281 gold pieces.

Inventory:

Hand Weapons
 a - a +4 whip (weapon)
 b - a +0 morningstar
Armour
 k - a scarf of resistance (worn)
 m - a +0 scale mail (worn)
Jewellery
 n - a ring of protection from cold (left hand)
Wands
 c - a wand of digging (5)
 f - a wand of mindburst (16)
 p - a wand of flame (49)
Scrolls
 j - a scroll of enchant weapon
 o - a scroll of noise {unknown}
 q - a scroll of amnesia {unknown}
 r - a scroll of fog {unknown}
 s - a scroll of magic mapping {unknown}
Potions
 d - a potion of mutation
 e - a potion of attraction
 g - a potion of flight
 h - a potion of haste
 i - a potion of cancellation {unknown}
 l - a potion of heal wounds
 t - 2 potions of curing {unknown}
 u - 2 potions of might {unknown}


   Skills:
 + Level 6.5 Fighting
 * Level 8.0 Maces & Flails
 * Level 7.6 Armour
 + Level 4.5 Dodging


You had 8 spell levels left.
You didn't know any spells.
Your spell library was empty.

Dungeon Overview and Level Annotations

Branches:
Dungeon (6/15)             Temple (0/1) D:4           Sewer (visited)

Altars:
Gozag
Kikubaaqudgha
Trog
The Shining One

Shops:
D:4 !


Innate Abilities, Weirdness & Mutations

You are immune to sickness and miasma.
Your stone body is resilient. (AC +6)
You are immune to poison.
You resist negative energy. (rN+)
You are resistant to electric shocks. (rElec)
You are resistant to unholy torment.
You are immune to petrification.


Message History

The wyvern bites you but does no damage.
The wyvern completely misses you.
You hit the wyvern but do no damage.
The wyvern is lightly wounded.
The wyvern bites you but does no damage.
You barely miss the wyvern.
The wyvern is lightly wounded.
The wyvern closely misses you.
You hit the wyvern.
The wyvern is lightly wounded.
The wyvern bites you!
You closely miss the wyvern.
The wyvern is lightly wounded.
The wyvern bites you.
You hit the wyvern.
The wyvern is moderately wounded.
The wyvern closely misses you.
You hit the wyvern.
The wyvern is heavily wounded.
The wyvern closely misses you.
You closely miss the wyvern.
The wyvern is heavily wounded.
The wyvern bites you but does no damage.
You hit the wyvern.
The wyvern is heavily wounded.
The wyvern bites you but does no damage.
You hit the wyvern.
The wyvern is severely wounded.
The wyvern bites you!
You are too injured to fight recklessly!
The wyvern bites you!
* * * LOW HITPOINT WARNING * * *
You hit the wyvern.
The wyvern is severely wounded.
The wyvern bites you.
* * * LOW HITPOINT WARNING * * *
Your skin crawls.
You feel strong-willed. The wyvern bites you!
You die...

####.#..#..#
..#
#..........#
#.##.#.##.##
#.##.#.#....
#.##.#.#..###
#.##.#.#..#
#.##.#......
#.##.#.#..#
#...@.....#
####l#......
#..##.###
##.# # .# .#
.# .. ##


You could see a wyvern.

Vanquished Creatures
  A manticore (D:6)
  The ghost of Gwenloh the Cudgeller, an amateur DsAK of Lugonu (D:4)
  Sigmund (D:3)
  Eustachio (D:4)
  Purgy (Sewer)
  2 sky beasts (D:5)
  A black bear (D:5)
  3 ogres
  2 centaurs (D:4)
  A phantom (D:3)
  3 scorpions
  A water moccasin skeleton (D:4)
  3 hounds
  Crazy Yiuf (D:2)
  Ijyb (D:4)
  Terence (D:2)
  A howler monkey zombie (D:5)
  9 adders
  An adder skeleton (D:4)
  An adder zombie (D:5)
  3 worms
  2 dart slugs
  3 orcs
  9 ball pythons
  7 endoplasms
  3 giant cockroaches
  8 goblins
  6 hobgoblins
  10 kobolds
  2 quokkas
  7 bats
  10 frilled lizards
  14 rats
120 creatures vanquished.

Vanquished Creatures (others)
  A plant (D:3)
1 creature vanquished.

Grand Total: 121 creatures vanquished

Notes
Turn   | Place    | Note
-------+----------+-------------------------------------------
     0 | D:1      | Borgoz the Gargoyle Berserker began the quest for the Orb.
     0 | D:1      | Reached XP level 1. HP: 14/14 MP: 1/1
   226 | D:1      | Reached XP level 2. HP: 19/19 MP: 2/2
   863 | D:1      | Reached XP level 3. HP: 23/23 MP: 3/3
   956 | D:1      | Reached ** piety under Trog
  1486 | D:2      | You fall into a shaft and drop 1 floor!
  1660 | D:3      | Noticed Sigmund
  1671 | D:3      | Killed Sigmund
  1672 | D:3      | Reached skill level 4 in Maces & Flails
  1672 | D:3      | Reached XP level 4. HP: 19/29 MP: 4/4
  1672 | D:3      | Reached XP level 5. HP: 21/33 MP: 5/5
  1711 | D:3      | Reached XP level 6. HP: 14/39 MP: 6/6
  1759 | D:3      | Found a glowing drain.
  1819 | Sewer    | Entered a sewer
  1919 | Sewer    | Noticed Purgy
  1929 | Sewer    | Killed Purgy
  1930 | Sewer    | Reached skill level 5 in Maces & Flails
  2432 | D:3      | Reached XP level 7. HP: 10/44 MP: 7/7
  2851 | D:2      | Noticed Terence
  2856 | D:2      | Found an ancient bone altar of Kikubaaqudgha.
  2862 | D:2      | Killed Terence
  3321 | D:2      | Found a runed translucent door.
  3322 | D:2      | Noticed Crazy Yiuf
  3447 | D:2      | Killed Crazy Yiuf
  4122 | D:3      | Found a glowing golden altar of the Shining One.
  4151 | D:3      | Found a faded altar of an unknown god.
  4168 | D:4      | Noticed Eustachio
  4184 | D:4      | Killed Eustachio
  4184 | D:4      | Reached *** piety under Trog
  4185 | D:4      | Reached skill level 5 in Fighting
  4459 | D:4      | Found a runed translucent gate.
  4459 | D:4      | Found a runed translucent gate.
  4459 | D:4      | Found a runed translucent gate.
  4460 | D:4      | Found an opulent altar of Gozag.
  4462 | D:4      | Noticed Gwenloh's ghost (amateur DsAK)
  4502 | D:4      | Reached skill level 6 in Maces & Flails
  4510 | D:4      | Reached skill level 5 in Armour
  4595 | D:4      | Found Ecuul's Distillery.
  4726 | D:4      | Noticed Ijyb
  4742 | D:4      | Killed Ijyb
  4743 | D:4      | Reached XP level 8. HP: 49/49 MP: 8/8
  5099 | D:4      | Found a staircase to the Ecumenical Temple.
  5365 | D:4      | Killed Gwenloh's ghost
  5481 | D:5      | Entered Level 5 of the Dungeon
  5499 | D:5      | Reached skill level 7 in Maces & Flails
  5932 | D:5      | Reached XP level 9. HP: 51/55 MP: 9/9
  6626 | D:6      | Found a bloodstained altar of Trog.
  6717 | D:6      | Noticed a manticore
  6732 | D:6      | Killed a manticore
  6733 | D:6      | Reached skill level 8 in Maces & Flails
  6852 | D:6      | Slain by a wyvern

Illustrated notes

Levels and vault maps discovered:
D:1:      matt_arrival_diagonals, layout_loops_corners, minmay_rat_gold_closets
D:2:      layout_basic, basic_altar, minivault_4, uniq_terence,
          uniq_crazy_yiuf_cottage
D:3:      minmay_evil_eye, layout_basic, nicolae_overflow_hidden_temple,
          cheibrodos_sewer_entry_sluice,
          shapermc_ecumenical_altar_mp_urbaneastern, grunt_ministairs_14,
          uniq_sigmund
D:4:      layout_gridville, minmay_temple_entry_sparse_star,
          ebering_ghost_gozag, serial_shops, nicolae_shop_waterfront,
          minmay_bisected, uniq_eustachio, uniq_ijyb
D:5:      layout_gridville
D:6:      layout_loops_ring, bloody_trog

Skill      XL: |  1  2  3  4  5  6  7  8  9 |
---------------+----------------------------+-----
Dodging        | 2 3 4 |  4.5
Fighting       | 4 5 6 |  6.5
Maces & Flails | 4 5 6 7 8 |  8.0
Armour         | 3 4 5 6 7 |  7.6

Action                   |  1- 3 |  4- 6 |  7- 9 || total
-------------------------+-------+-------+-------++-------
Melee: Mace              |   112 |    84 |    21 ||   217
       Whip              |       |       |   235 ||   235
       Morningstar       |       |       |    47 ||    47
Invok: Berserk           |     1 |     1 |     6 ||     8
       Trog's Hand       |       |     3 |     4 ||     7
  Use: Scroll            |     3 |     1 |     2 ||     6
       Potion            |       |     5 |     2 ||     7
 Stab: Sleeping          |     2 |     1 |       ||     3
       Invisible         |       |       |     2 ||     2
Armor: Animal skin       |    31 |    35 |     5 ||    71
       Scale mail        |       |       |   110 ||   110
Dodge: Dodged            |    66 |    94 |   162 ||   322
